 Dungeon Crawl Stone Soup version 0.18.1-48-g4cf74bf (webtiles) character file.

57 juanjsm the Sneak (level 3, 0/17 HPs)
             Began as a Spriggan Enchanter on Aug 1, 2016.
             Was an Initiate of Okawaru.
             Slain by a gnoll
             ... wielding a cursed -1 club
              (6 damage)
             ... on level 2 of the Dungeon.
             The game lasted 00:07:15 (1270 turns).

juanjsm the Sneak (Spriggan Enchanter)              Turns: 1270, Time: 00:07:16

Health: 0/17       AC:  3    Str:  4    XL:     3   Next: 73%
Magic:  1/9        EV: 19    Int: 16    God:    Okawaru [......]
Gold:   51         SH:  0    Dex: 17    Spells: 3 memorised, 3 levels left

rFire  . . .     SeeInvis +     a - +1 dagger
rCold  . . .     Gourm    .     b - +1 robe
rNeg   . . .     Faith    .     (shield restricted)
rPois  .         Spirit   .     (helmet restricted)
rElec  .         Dismiss  .     (no cloak)
rCorr  .         Reflect  .     (gloves unavailable)
SustAt .         Harm     .     (boots unavailable)
MR     .....                    (no amulet)
Stlth  +++.......               (no ring)
                                (no ring)

@: very slightly contaminated, very quick, not resistant to hostile
enchantments, fairly stealthy
A: unfitting armour, see invisible, herbivore 3, speed 3, slow metabolism 2
a: Renounce Religion


You were on level 2 of the Dungeon.
You worshipped Okawaru.
Okawaru was noncommittal.
You were not hungry.

You visited 1 branch of the dungeon, and saw 2 of its levels.

You collected 51 gold pieces.

Inventory:

Hand Weapons
 a - a +1 dagger (weapon)
Armour
 b - a +1 robe (worn)
Wands
 q - a wand of iceblast (6/15)
Scrolls
 f - 4 scrolls of identify {unknown}
 g - 2 scrolls of immolation {unknown}
 h - 2 scrolls of fog {unknown}
 j - a scroll of remove curse {unknown}
 m - a scroll of amnesia {unknown}
Potions
 e - a potion of cancellation {unknown}
 i - a potion of heal wounds {unknown}
 k - a potion of curing {unknown}
 l - a potion of magic {unknown}
 n - a potion of haste {unknown}
 o - a potion of flight {unknown}
 p - a potion of agility {unknown}
Books
 c - a book of Maledictions

   Spells                             Type                      Level
   a - Corona                         Hexes                        1
   b - Ensorcelled Hibernation        Hexes/Ice                    2
   c - Confuse                        Hexes                        3
   d - Tukima's Dance                 Hexes                        3
   e - Dazzling Spray                 Conjuration/Hexes            3
Comestibles
 d - 2 bread rations
 r - 3 fruits


   Skills:
 + Level 0.7 Fighting
 + Level 1.7 Short Blades
 + Level 3.7 Dodging
 + Level 4.7 Stealth
 * Level 3.6 Spellcasting
 + Level 4.0 Hexes


You had 3 spell levels left.
You knew the following spells:

 Your Spells              Type           Power        Failure   Level  Hunger
a - Corona                Hex            ###....      4%          1    None
b - Ensorcelled Hibernat  Hex/Ice        #.....       14%         2    ##.....
c - Confuse               Hex            ###.....     12%         3    ###....


Dungeon Overview and Level Annotations

Branches:
Dungeon (2/15)

Altars:
Okawaru


Innate Abilities, Weirdness & Mutations

You are tiny and cannot use many weapons and most armour.
You have supernaturally acute eyesight.
You are a herbivore.
You cover ground extremely quickly.
You need consume almost no food.


Message History

Aim: a gnoll, wielding a spear (chance to defeat MR: 50%)
The gnoll looks drowsy...
The helpless gnoll fails to defend itself.
You impale the gnoll!!
You kill the gnoll!
Okawaru accepts your kill.
You see here a spear.
Casting: Ensorcelled Hibernation
Confirm with . or Enter, or press ? or * to list all spells.
Aiming: Ensorcelled Hibernation
Press: ? - help, Shift-Dir - straight line, f - gnoll
Aim: a gnoll, wielding a club (chance to defeat MR: 50%)
You miscast Ensorcelled Hibernation.
You are very lightly contaminated with residual magic.
You hear a crackling sound.
The gnoll completely misses you.
You hit the gnoll.
The gnoll is lightly wounded.
The gnoll hits you with a club.
You die...

#.......##..
#.......###
######
#.......#
#.....
#..(....#
#...#.
###.....#
#...#.
##'####
#.###. #.#
#.# ##
#.######)##
#.#
#.....g@..#
#.#
###########
#.####
#.....
########
#..<#
#†######
#.......
########


You could see a gnoll.

Vanquished Creatures
  2 gnolls (D:2)
  A dart slug (D:1)
  A giant gecko (D:2)
  5 giant cockroaches (D:1)
  3 goblins
  6 hobgoblins
  3 kobolds (D:1)
  7 bats
  A giant newt (D:1)
  4 rats
33 creatures vanquished.

Notes
Turn   | Place    | Note
--------------------------------------------------------------
     0 | D:1      | juanjsm the Spriggan Enchanter began the quest for the Orb.
     0 | D:1      | Reached XP level 1. HP: 9/9 MP: 5/5
   170 | D:1      | Reached XP level 2. HP: 6/13 MP: 4/6
   174 | D:1      | Learned a level 2 spell: Ensorcelled Hibernation
   572 | D:1      | Reached XP level 3. HP: 17/17 MP: 3/8
   805 | D:2      | Learned a level 3 spell: Confuse
   956 | D:2      | Found an iron altar of Okawaru.
   963 | D:2      | Became a worshipper of Warmaster Okawaru
  1270 | D:2      | Slain by a gnoll

Skill      XL: |  1  2  3 |
---------------+----------+-----
Spellcasting   | 3 |  3.6
Hexes          | 4 |  4.0
Fighting       | |  0.7
Short Blades   | |  1.7
Dodging        | |  3.7
Stealth        | |  4.7

Action                   || total
-------------------------++-------
Melee: Dagger            ||    70
 Cast: Corona            ||     3
       Ensorcelled Hiber ||    20
 Stab: Sleeping          ||    24
Armor: Robe              ||     5
Dodge: Dodged            ||    56
